 Dungeon Crawl Stone Soup version 0.28-a0-533-g9f97627e2a (webtiles) character file.

Game seed: 7344806391314943565

411 Conn the Sneak (level 6, -2/37 HPs)
             Began as an Octopode Fire Elementalist on Sept 26, 2021.
             Slain by Duvessa (15 damage)
             ... on level 4 of the Dungeon.
             The game lasted 00:08:13 (3970 turns).

Conn the Sneak (Octopode Fire Elementalist)         Turns: 3970, Time: 00:08:14

Health: -2/37      AC:  1    Str: 14    XL:     6   Next: 90%
Magic:  2/11       EV: 13    Int: 19    God:
Gold:   135        SH:  0    Dex: 12    Spells: 1/12 levels left

rFire   . . .      SeeInvis .   y - +2 short sword (drain)
rCold   . . .      Faith    .   (no shield)
rNeg    + . .      Spirit   .   (helmet restricted)
rPois   .          Reflect  .   (no amulet)
rElec   .          Harm     .   e - ring of positive energy
rCorr   .          Rampage  .   g - +6 ring of strength
Will    +....                   j - ring of willpower
Stlth   ++++......              v - ring of wizardry
HPRegen 0.12/turn               (no ring)
MPRegen 0.12/turn               (no ring)
                                (no ring)
                                (no ring)

@: very slightly contaminated
A: almost no armour, amphibious, 8 rings, camouflage 1, gelatinous body 1,
(nimble swimmer 1), tentacles
a: no special abilities


You were on level 4 of the Dungeon.
You visited 1 branch of the dungeon, and saw 4 of its levels.
You also visited: Sewer.

You collected 135 gold pieces.

Inventory:

Hand Weapons
 d - a +0 short sword
 y - a +2 short sword of draining (weapon)
Jewellery
 e - a ring of positive energy (left tentacle)
 g - a +6 ring of strength (right tentacle)
 j - a ring of willpower (on tentacle)
 v - a ring of wizardry (on tentacle)
Scrolls
 a - 2 scrolls of fear {unknown}
 c - a scroll of identify {unknown}
 f - 2 scrolls of noise {unknown}
 i - a scroll of magic mapping {unknown}
 m - 3 scrolls of teleportation {unknown}
 p - a scroll of summoning {unknown}
 r - a scroll of blinking {unknown}
 s - 2 scrolls of enchant armour {unknown}
 t - 2 scrolls of acquirement {unknown}
 u - a scroll of enchant weapon {unknown}
 w - a scroll of fog {unknown}
 z - a scroll of brand weapon {unknown}
Potions
 h - a potion of cancellation {unknown}
 k - 4 potions of brilliance {unknown}
 l - 2 potions of haste {unknown}
 n - a potion of magic {unknown}
 o - 3 potions of mutation {unknown}
 q - a potion of might {unknown}
 x - a potion of curing {unknown}


   Skills:
 + Level 0.6 Fighting
 + Level 1.3 Short Blades
 + Level 2.2 Dodging
 + Level 5.0 Stealth
 + Level 3.5 Spellcasting
 + Level 2.4 Conjurations
 + Level 5.0 Fire Magic


You had one spell level left.
You knew the following spells:

 Your Spells              Type           Power      Damage    Failure   Level
a - Foxfire               Conj/Fire      68%        2x1d7     1%          1
b - Conjure Flame         Conj/Fire      17%        6-21      4%          3
c - Inner Flame           Hex/Fire       12%        N/A       6%          3
d - Flame Wave            Conj/Fire      17%        3d5       12%         4

Your spell library contained the following spells:

 Spells                   Type           Power      Damage    Failure   Level
 Scorch                   Fire           44%        2d7       1%          2
 Ensorcelled Hibernation  Hex/Ice        6%         N/A       9%          2
 Tukima's Dance           Hex            3%         N/A       17%         3


Dungeon Overview and Level Annotations

Branches:
Dungeon (4/15)              Sewer (visited)
 Temple: D:4-7

Altars:

Annotations:
D:4 Dowan, Duvessa


Innate Abilities, Weirdness & Mutations

You cannot wear most types of armour.
You are amphibious.
You can wear up to eight rings at the same time.
Your skin changes colour to match your surroundings (Stealth+).
Your rubbery body absorbs attacks. (AC +1, EV +1)
((You are camouflaged near water. (Stealth+)))
You have tentacles for arms and can constrict up to eight enemies at once.


Message History

A wave of flame ripples out!
The flame wave engulfs Duvessa!
Duvessa is severely wounded.
The flame wave engulfs Dowan!
Dowan is almost dead.
You finish channelling waves of flame.
Duvessa hits you with a +0 rapier.
Unknown command.
Casting: Flame Wave (quite dangerous; 12% risk of failure)
Confirm with . or Enter, or press ? or * to list all spells.
The spell is quite dangerous to cast (12% risk of failure)!
Continue anyway?
Casting: Flame Wave (quite dangerous; 12% risk of failure)
Press: ? - help, Dir - look around, f - activate You miscast Flame Wave.
You are very lightly contaminated with residual magic.
You are blasted with searing flames!
Duvessa misses you.
Casting: Flame Wave (quite dangerous; 12% risk of failure)
Confirm with . or Enter, or press ? or * to list all spells.
Okay, then.
Unknown command.
Unknown command.
You aren't carrying any items that you can evoke.
Okay, then.
Unknown command.
Duvessa says, "Practise, practise, practise!
One day you'll be as good as me."
Dowan mumbles some strange words.
Dowan blinks!
Found a chain mail.
There is a stone staircase leading up here.
Okay, then.
Okay, then.
Okay, then.
Okay, then.
Unknown command.
Unknown command.
Throw: dart (curare)
Press: ? - help, Shift-Dir - straight line, f - Duvessa
Aim: Duvessa, wielding a +0 rapier and wearing a +0 ring mail (severely wounded, 64% to hit)
You throw a curare-tipped dart.
The curare-tipped dart barely misses Duvessa.
Duvessa hits you with a +0 rapier!
You die...

#.................
#....>....#.......
##........#..##...
#........#..####.
#........#..# #.
######........#..# #.
#....†........#..# #.
#........###.##..# #.
#....@e..# #.##..# #.
...........###..#..#####
.[..#.........#.#.......
... #.#.................
# #+##+###.....#.#....
#.....#§.e)........
#.....##....#.#....
#e.......#....
#..#.......#....


You could see Duvessa and Dowan.

Vanquished Creatures
  Blork the orc (D:4)
  2 kobold brigands (Sewer)
  A hound skeleton (D:4)
  7 adders
  3 river rats
  4 worms
  5 dart slugs
  7 endoplasms
  A giant cockroach (D:2)
  6 goblins
  6 hobgoblins
  A quokka (D:2)
  16 ball pythons
  6 bats
  3 frilled lizards
  17 kobolds
  7 rats
93 creatures vanquished.

Vanquished Creatures (others)
  239 foxfires
239 creatures vanquished.

Grand Total: 332 creatures vanquished

Notes
Turn   | Place    | Note
-------+----------+-------------------------------------------
     0 | D:1      | Conn the Octopode Fire Elementalist began the quest for the
                  | Orb.
     0 | D:1      | Reached XP level 1. HP: 11/11 MP: 3/3
   322 | D:1      | Reached XP level 2. HP: 17/17 MP: 1/5
   973 | D:2      | Reached XP level 3. HP: 21/21 MP: 0/6
  1189 | D:2      | Found a faded altar of an unknown god.
  1961 | D:2      | Reached XP level 4. HP: 27/27 MP: 7/7
  2247 | D:3      | Found a glowing drain.
  2268 | Sewer    | Entered a sewer
  2472 | Sewer    | Noticed a kobold brigand
  2487 | Sewer    | Killed a kobold brigand
  2488 | Sewer    | Reached skill level 1 in Short Blades
  2488 | Sewer    | Reached XP level 5. HP: 26/32 MP: 9/9
  2893 | Sewer    | Noticed a kobold brigand
  2899 | Sewer    | Learned a level 3 spell: Conjure Flame
  2913 | Sewer    | Learned a level 3 spell: Inner Flame
  2946 | Sewer    | Killed a kobold brigand
  2947 | Sewer    | Reached XP level 6. HP: 37/37 MP: 5/10
  3165 | D:3      | Learned a level 4 spell: Flame Wave
  3627 | D:4      | Noticed Blork the orc
  3639 | D:4      | Killed Blork the orc
  3640 | D:4      | Reached skill level 5 in Stealth
  3859 | D:4      | Reached skill level 5 in Fire Magic
  3955 | D:4      | Noticed Duvessa
  3955 | D:4      | Noticed Dowan
  3970 | D:4      | Slain by Duvessa

Illustrated notes

Levels and vault maps discovered:
D:1:      sevenhm_arrival_forest_fort_small_4, layout_basic
D:2:      kennysheep_six_static_rooms, layout_loops_ring,
          shapermc_ecumenical_altar_starsandcircs, due_unseen_surprise
D:3:      layout_rooms, cheibrodos_sewer_entry_sluice, minmay_box_of_dots
D:4:      layout_basic, mainiacjoe_overflow_24_doors, uniq_blork_the_orc,
          uniq_duvessa

Skill      XL: |  1  2  3  4  5  6 |
---------------+-------------------+-----
Stealth        | 3 4 5 |  5.0
Fire Magic     | 4 5 |  5.0
Short Blades   | 1 |  1.3
Spellcasting   | 3 |  3.5
Conjurations   | 2 |  2.4
Fighting       | |  0.6
Dodging        | |  2.2

Action                   |  1- 3 |  4- 6 || total
-------------------------+-------+-------++-------
Melee: Short sword       |    26 |    36 ||    62
       Constrict         |     6 |     8 ||    14
       Tentacles         |     5 |     6 ||    11
Throw: Dart              |       |     1 ||     1
 Cast: Foxfire           |    48 |    95 ||   143
       Inner Flame       |       |     1 ||     1
       Flame Wave        |       |     1 ||     1
  Use: Potion            |       |     2 ||     2
 Stab: Sleeping          |     8 |     7 ||    15
Armor: Skin              |       |     2 ||     2
Dodge: Dodged            |    11 |    29 ||    40

Table legend: (Time is in decaauts)
 A = Elapsed time spent in this place.
 B = Non-inter-level travel time spent in this place.
 C = Inter-level travel time spent in this place.
 D = Time resting spent in this place.
 E = Time spent auto-exploring this place.
 F = Levels seen in this place.
 G = Mean time per level.
                   A        B        C        D        E       F      G
               +--------+--------+--------+--------+--------+-----+--------+
         Total |   3971 |   3930 |     41 |    276 |   2747 |   5 |  794.2 |
       Dungeon |   3197 |   3156 |     41 |    125 |   2372 |   4 |  799.2 |
         Sewer |    773 |    773 |      0 |    151 |    375 |   1 |  773.0 |
               +--------+--------+--------+--------+--------+-----+--------+

Top non-repeatable levels by time:
     D:2: 1083 daAuts
     D:1: 937 daAuts
   Sewer: 773 daAuts
     D:3: 742 daAuts
     D:4: 434 daAuts
